 Dungeon Crawl Stone Soup version 0.32-a0-918-g0f22ef8d61 (webtiles) character file.

Game seed: 13356000891515275856

280724 pokedragonboy the Immaculate (level 19, -8/136 HPs)
             Began as a Gargoyle Fighter on Apr 12, 2024.
             Was a High Priest of Zin.
             Mangled by a +1 heavy battleaxe (15 damage)
             ... on level 2 of the Elven Halls.
             The game lasted 02:28:50 (33597 turns).

pokedragonboy the Immaculate (Gargoyle Fighter)    Turns: 33597, Time: 02:28:50

Health: -8/136     AC: 55    Str: 34    XL:     19   Next: 94%
Magic:  9/11       EV: 11    Int: 17    God:    Zin [*****.]
Gold:   2990       SH:  0    Dex: 20    Spells: 23/26 levels left

rFire   + + .        a - +8 Wrath of Trog {antimagic, *Rage Rampage}
rCold   + + +        (shield currently unavailable)
rNeg    + . .        t - +6 gold dragon scales "Hexah" {^Contam rPois rF+ rC+ rCorr Slay+4}
rPois   ∞            u - +1 helmet
rElec   +            e - +1 cloak of the Enchanted Forest {rF+ Regen+}
rCorr   +            F - +1 pair of gloves {hurl}
SInv    +            y - +2 pair of boots {Fly}
Will    +....        Z - amulet of faith Stlth
                     h - +5 ring of evasion
HPRegen 1.22/turn    O - ring of Zekhleor {rElec rC++ rCorr Dex+4 SInv}
MPRegen 0.12/turn

%: random rage (50%), rampage, faith
@: vitalised, on berserk cooldown, on recite cooldown, flying, slowed, very slow
A: sickness immunity, AC +14, big wings, negative energy resistance 1,
electricity resistance, torment resistance 1, petrification resistance
}: 2/15 runes: barnacled, gossamer
a: Renounce Religion, Recite, Vitalisation, Imprison, Sanctuary, Donate Gold


You were on level 2 of the Elven Halls.
You worshipped Zin.
Zin was extremely pleased with you.
You visited 7 branches of the dungeon, and saw 33 of its levels.
You visited the Abyss 1 time.
You also visited: Ossuary, Bailey and Ice Cave.

You collected 3791 gold pieces.
You spent 658 gold pieces at shops.
You donated 143 gold pieces to Zin.

Inventory:

Hand Weapons
 a - the +8 Wrath of Trog (weapon) {antimagic, *Rage Rampage}
   (Okawaru gifted it to you on level 4 of the Lair of Beasts)

   It causes slowness and exhaustion when equipped.
   It extends the wielder's berserk rage when killing foes.
   *Rage:     It berserks you when you make melee attacks (+50% chance).
   Rampage:   It bestows one free step when moving towards enemies.
 b - a +3 morningstar
Missiles
 R - 18 silver javelins
 T - 3 throwing nets
Armour
 e - the +1 cloak of the Enchanted Forest (worn) {rF+ Regen+}
   (You acquired it on level 4 of the Lair of Beasts)

   rF+:       It protects you from fire.
   Regen+:    It increases your rate of health regeneration.
 t - the +6 gold dragon scales "Hexah" (worn) {^Contam rPois rF+ rC+ rCorr Slay+4}
   (Okawaru gifted it to you on level 4 of the Lair of Beasts)

   Slay+4:    It affects your accuracy & damage with ranged weapons and melee
   (+4).
   rF+:       It protects you from fire.
   rC+:       It protects you from cold.
   rPois:     It protects you from poison.
   ^Contam:   It causes magical contamination when unequipped.
   rCorr:     It protects you from acid and corrosion.
 u - a +1 helmet (worn)
 y - a +2 pair of boots of flying (worn)
 F - a +1 pair of gloves of hurling (worn)
Jewellery
 h - a +5 ring of evasion (left hand)
 j - a +4 ring of protection
 s - a ring of magical power
 O - the ring of Zekhleor (right hand) {rElec rC++ rCorr Dex+4 SInv}
   (You found it on level 9 of the Dungeon)

   [ring of see invisible]

   Dex+4:     It affects your dexterity (+4).
   rC++:      It greatly protects you from cold.
   rElec:     It insulates you from electricity.
   SInv:      It lets you see invisible.
   rCorr:     It protects you from acid and corrosion.
 Z - an amulet of faith (around neck)
Wands
 c - a wand of roots (19)
 p - a wand of mindburst (11)
 H - a wand of flame (76)
 P - a wand of paralysis (4)
 X - a wand of light (22)
Scrolls
 f - a scroll of enchant armour
 i - 6 scrolls of blinking
 l - 9 scrolls of teleportation
 n - 4 scrolls of vulnerability
 o - 6 scrolls of fog
 r - 5 scrolls of noise
 v - 4 scrolls of revelation
 C - 4 scrolls of fear
 I - 5 scrolls of poison
 N - 2 scrolls of torment
 Q - a scroll of silence
 S - 4 scrolls of butterflies
 Y - 2 scrolls of immolation
Potions
 d - 20 potions of curing
 g - 4 potions of resistance
 k - 9 potions of brilliance
 m - 6 potions of attraction
 q - 5 potions of heal wounds
 x - 3 potions of lignification
 z - 11 potions of haste
 A - 5 potions of enlightenment
 B - 6 potions of ambrosia
 D - 2 potions of cancellation
 E - 6 potions of mutation
 G - 3 potions of invisibility
 J - 7 potions of magic
 M - 7 potions of might
 W - a potion of berserk rage


   Skills:
 + Level 20.6 Fighting
 + Level 16.0 Axes
 + Level 18.7 Armour
 - Level 3.2 Shields
 - Level 4.0 Spellcasting
 - Level 5.7 Earth Magic
 * Level 20.9 Invocations


You had 23 spell levels left.
You knew the following spells:

 Your Spells              Type           Power      Damage    Failure   Level
a - Stone Arrow           Conj/Erth      26%        3d8       77%         3

Your spell library contained the following spells:

 Spells                   Type           Power      Damage    Failure   Level
 Sandblast                Erth           46%        2d11      13%         1
 Magic Dart               Conj           12%        1d3       80%         1
 Shock                    Conj/Air       12%        1d3       80%         1
 Slow                     Hex            12%        N/A       80%         1
 Summon Small Mammal      Summ           12%        N/A       80%         1
 Blink                    Tloc           6%         N/A       90%         2
 Lesser Beckoning         Tloc           6%         N/A       90%         2
 Momentum Strike          Conj/Tloc      6%         3d8       90%         2
 Scorch                   Fire           6%         2d5       90%         2
 Searing Ray              Conj           6%         2d4       90%         2
 Call Canine Familiar     Summ           3%         N/A       99%         3
 Confusing Touch          Hex            3%         N/A       99%         3
 Frozen Ramparts          Ice            6%         1d1       99%         3
 Inner Flame              Hex/Fire       3%         N/A       99%         3
 Ozocubu's Armour         Ice            3%         N/A       99%         3
 Sigil of Binding         Hex            3%         N/A       99%         3
 Summon Ice Beast         Ice/Summ       3%         N/A       99%         3
 Swiftness                Air            3%         N/A       99%         3
 Vampiric Draining        Necr           3%         2d6       99%         3
 Brom's Barrelling Bould  Conj/Erth      13%        2d4       99%         4
 Airstrike                Air            1%         2d(1-17)  100%        4
 Cause Fear               Hex            1%         N/A       100%        4
 Dispel Undead            Necr           3%         3d7       100%        4
 Flame Wave               Conj/Fire      3%         2d5       100%        4
 Fulminant Prism          Conj/Alch      1%         3d5       100%        4
 Ignite Poison            Fire/Alch      3%         N/A       100%        4
 Martyr's Knell           Necr/Summ      3%         N/A       100%        4
 Summon Blazeheart Golem  Fire/Summ      3%         N/A       100%        4
 Vhi's Electric Charge    Tloc/Air       6%         N/A       100%        4
 Arcjolt                  Conj/Air       1%         1d11      100%        5
 Fireball                 Conj/Fire      1%         3d3       100%        5
 Freezing Cloud           Conj/Ice/Air   1%         6-21      100%        5
 Irradiate                Conj/Alch      1%         3d12      100%        5
 Metabolic Englaciation   Hex/Ice        1%         N/A       100%        5
 Summon Forest            Summ/Tloc      1%         N/A       100%        5
 Summon Mana Viper        Hex/Summ       3%         N/A       100%        5
 Death Channel            Necr           1%         N/A       100%        6
 Plasma Beam              Fire/Air       1%         2x1d11    100%        6
 Sculpt Simulacrum        Ice/Alch       1%         N/A       100%        6
 Summon Cactus Giant      Summ           1%         N/A       100%        6
 Ozocubu's Refrigeration  Ice            1%         4d7       100%        7
 Ignition                 Fire           1%         3d3       100%        8
 Dragon's Call            Summ           1%         N/A       100%        9
 Polar Vortex             Ice            1%         N/A       100%        9
 Cigotuvi's Dreadful Rot  Necr/Alch/Air  Unusable   N/A       N/A         2

Dungeon Overview and Level Annotations

Branches:
Dungeon (15/15)            Temple (1/1) D:7            Lair (5/5) D:9
 Shoals (4/4) Lair:3       Spider (4/4) Lair:3        Slime (0/5) Lair:4
    Orc (2/2) D:9             Elf (2/3) Orc:2        Vaults (0/5) D:14
 Depths (0/4) D:15        Ossuary (visited)          Bailey (visited)
  IceCv (visited)

Altars:
Ashenzari
Cheibriados
Dithmenos
Elyvilon
Fedhas
Gozag
Hepliaklqana
Kikubaaqudgha
Makhleb
Nemelex Xobeh
Okawaru
Qazlal
Ru
Sif Muna
Trog
Uskayaw
Vehumet
Wu Jian
Xom
Yredelemnul
Zin
The Shining One
Beogh
Jiyva

Shops:
D:4 !([[=   D:8 (   D:11 [   Orc:1 :   Orc:2 ([!   Elf:2 (([:   Shoals:2 (

Annotations:
D:14 2 transporters, Idofevveolu's ghost, journeyman HuCj
D:15 3 runed translucent doors
Shoals:1 2 runed translucent doors, Ycup's ghost, journeyman MiBe


Innate Abilities, Weirdness & Mutations

You are immune to sickness and miasma.
Your stone body is resilient. (AC +14)
You are immune to poison.
Your large and strong wings let you fly.
You resist negative energy. (rN+)
You are resistant to electric shocks. (rElec)
You are resistant to unholy torment.
You are immune to petrification.


Message History

The +2 spectral bardiche closely misses you.
The deep elf blademaster hits you with a +0 short sword!
The deep elf blademaster hits you but does no damage.
The deep elf knight gestures wildly while chanting.
The deep elf knight seems to speed up.
The fire elemental hits you. The +1 heavy battleaxe hits you.
You slice the deep elf blademaster!!
The deep elf blademaster is severely wounded.
You hit the +1 heavy battleaxe but do no damage.
You slice the fire elemental!!
You destroy the fire elemental!
The fire elemental disappears in a puff of smoke!
You slash the +2 spectral bardiche!
The +2 spectral bardiche shares its spectral weapon's damage!
The deep elf blademaster hits you with a +0 short sword.
The deep elf blademaster barely misses you.
The +2 spectral bardiche hits you but does no damage. x2
The deep elf pyromancer ponders the situation.
The deep elf blademaster hits you but does no damage.
The deep elf blademaster hits you with a +0 short sword!
* * * LOW HITPOINT WARNING * * *
The deep elf knight is lost in a daze.
The +1 heavy battleaxe hits you but does no damage.
The +2 spectral bardiche hits you from afar.
* * * LOW HITPOINT WARNING * * *
The +2 spectral bardiche barely misses you.
Okay, then.
Okay, then.
Okay, then.
Zin grants you divine stamina.
The deep elf blademaster hits you with a +0 short sword!
* * * LOW HITPOINT WARNING * * *
The deep elf blademaster hits you but does no damage.
The deep elf pyromancer closely misses you.
The deep elf pyromancer barely misses itself.
The deep elf blademaster hits you with a +0 short sword!
* * * LOW HITPOINT WARNING * * *
The deep elf blademaster barely misses you.
The +1 heavy battleaxe hits you!
You die...

##### ### ### ##
##.#.####.####.## #.##
###.....##...##...##...#
........................
...........#............
).........###)...e(.....
.........## ##..@e......
..........# #...(e......
...........#......(.....
........................
........................
........................
..................##e...
.................## #...
............


You could see a deep elf blademaster (dazed), a deep elf knight (fast,
invisible, dazed), a deep elf pyromancer (confused), a deep elf zephyrmancer
(confused), a +2 spectral bardiche and 2 dancing weapons.

Vanquished Creatures
  Arachne (Spider:4)
  A deep elf blademaster (Abyss:2)
  2 titans (Elf:1)
  2 tentacled starspawn (Abyss:2)
  5 krakens
  2 fire giants
  Roxanne (Spider:4)
  An azure jelly (Shoals:3)
  Ilsuiw (Shoals:3)
  4 frost giants
  3 ghost moths
  3 emperor scorpions
  4 orc warlords
  2 reapers (IceCv)
  4 deep elf elementalists (Elf:2)
  A broodmother (Spider:4)
  A very ugly thing (IceCv)
  A quicksilver ooze (Lair:5)
  4 stone giants (Elf:2)
  An ironbound thunderhulk (D:14)
  2 deep elf death magi
  2 minotaurs (Elf:2)
  A purple draconian (Abyss:2)
  3 spark wasps (Spider:4)
  A bunyip (Abyss:2)
  An ettin (Orc:1)
  5 merfolk javelineers
  11 merfolk impalers
  A vault guard (D:14)
  2 caustic shrike simulacra (IceCv)
  5 hydras
  2 jorogumos
  2 radroaches
  7 boulder beetles
  2 satyrs (Shoals:2)
  11 centaur warriors
  18 dancing weapons
  A catoblepas (Lair:4)
  3 merfolk aquamancers (Shoals:4)
  2 merfolk avatars
  3 two-headed ogres
  An alligator snapping turtle (Shoals:4)
  4 tengu warriors
  Urug (Lair:2)
  3 thrashing horrors (Abyss:2)
  4 demonic crawlers
  An orc high priest (Orc:1)
  A sun demon (Abyss:2)
  12 deep elf knights
  A wretched star (Elf:2)
  3 pharaoh ants
  3 skysharks
  25 deep elf archers
  2 large abominations (Abyss:2)
  5 orb spiders
  3 spriggan simulacra (IceCv)
  3 sea snakes
  2 glowing orange brains (Abyss:2)
  An obsidian statue (IceCv)
  A shadow demon (Abyss:2)
  Pikel (D:9)
  3 spectral wolf spiders (Spider:1)
  21 deep elf zephyrmancers
  9 starcursed masses (Abyss:2)
  An obsidian bat (Orc:2)
  23 deep elf pyromancers
  2 thermic dynamos (Elf:2)
  3 wolf spider zombies (Spider:1)
  5 orc knights
  6 harpies (Shoals:4)
  10 ugly things
  10 steelbarb worms
  7 orc sorcerers
  21 wolf spiders
  13 fauns
  8 cyclopes
  11 merfolk sirens
  15 manticores
  7 kobold blastminers
  A meliai (shapeshifter) (Elf:1)
  8 black mambas
  3 moths of wrath
  11 elephants
  A meliai (Spider:4)
  2 torpor snails
  4 water nymphs
  Maggie (D:7)
  2 gargoyles
  2 smoke demons (Abyss:2)
  A hellion (Abyss:2)
  3 rime drakes
  14 komodo dragons
  4 cane toads
  2 unseen horrors
  A yaktaur (D:10)
  12 freezing wraiths
  An anaconda simulacrum (IceCv)
  2 tengu conjurers
  4 ice devils (IceCv)
  4 polar bears
  6 trolls
  6 wolf spider simulacra (Spider:1)
  4 wind drakes
  A wind drake (shapeshifter) (D:13)
  55 merfolk
  20 jumping spiders
  5 hornets
  15 tarantellas
  18 blink frogs
  13 dream sheep
  21 slime creatures
  4 snapping turtles
  A centaur simulacrum (D:10)
  A ynoxinul (Abyss:2)
  2 air elementals
  14 culicivoras
  4 wyverns
  2 small abominations (Abyss:2)
  36 yaks
  A spriggan (shapeshifter) (Elf:2)
  2 shadows
  3 vampires
  12 spriggans (Lair:5)
  13 water elementals
  3 humans (D:14)
  3 fire elementals (Elf:1)
  3 basilisks
  A wraith (D:13)
  30 redbacks
  9 wargs
  4 minotaur simulacra (IceCv)
  3 chaos spawn (Abyss:2)
  13 vampire mosquitoes
  A neqoxec (Abyss:2)
  3 acid dragons
  14 water moccasins
  A harpy simulacrum (IceCv)
  An ice beast (D:5)
  A sky beast (D:8)
  6 laughing skulls
  7 black bears
  34 orc warriors
  A swamp dragon zombie (Abyss:2)
  7 ogres
  5 boggarts (Lair:5)
  13 centaurs
  31 wolves
  A lemure (D:9)
  2 phantoms
  7 kobold brigands
  9 scorpions
  7 bullfrogs
  2 earth elementals
  3 gnoll sergeants
  3 deep troll simulacra (IceCv)
  18 wights
  2 lindwurm simulacra (IceCv)
  5 killer bees
  2 howler monkeys
  6 electric eels
  7 centaur zombies (Ossuary)
  A lava snake (D:9)
  A quasit (Abyss:2)
  11 jellies
  A bombardier beetle (D:5)
  A gnoll bouda (D:8)
  10 hounds
  A human zombie (Ossuary)
  19 orc priests
  3 sleepcaps
  20 orc wizards
  5 scorpion zombies (Ossuary)
  7 iguanas
  3 mummies (Ossuary)
  Robin (D:2)
  30 gnolls
  11 adders
  2 shadow imps
  A white imp (D:5)
  8 ufetubi
  2 adder zombies (Ossuary)
  4 ribbon worms
  2 dart slugs (D:2)
  96 orcs
  12 ball pythons
  2 bats
  12 endoplasms
  2 giant cockroaches
  17 goblins
  5 hobgoblins
  7 jackals
  3 quokkas
  A ball python zombie (Ossuary)
  5 frilled lizards
  3 jackal zombies (Ossuary)
  22 kobolds
  3 orc zombies (Ossuary)
  7 rats
  2 spectral weapons (Elf:2)
  3 starspawn tentacles (Abyss:2)
  12 tentacles
1349 creatures vanquished.

Vanquished Creatures (others)
  A frost giant (Elf:2)
  A ghost moth (Spider:4)
  A stone giant (Abyss:2)
  A deep elf archer (Elf:2)
  A spectral wolf spider (Spider:1)
  A steelbarb worm (Spider:2)
  A deep elf zephyrmancer (Elf:2)
  A wolf spider (Spider:1)
  A merfolk (Elf:2)
  A water elemental (Elf:1)
  An orc wizard (Orc:2)
  An orc (Abyss:2)
  5 starspawn tentacles (Abyss:2)
  35 tentacles
52 creatures vanquished.

Grand Total: 1401 creatures vanquished

Notes
Turn   | Place    | Note
-------+----------+-------------------------------------------
     0 | D:1      | pokedragonboy the Gargoyle Fighter began the quest for the
                  | Orb.
     0 | D:1      | Reached XP level 1. HP: 14/14 MP: 1/1
    26 | D:1      | Reached XP level 2. HP: 14/19 MP: 2/2
   232 | D:1      | Reached XP level 3. HP: 23/23 MP: 3/3
   846 | D:2      | Found a faded altar of an unknown god.
   895 | D:2      | Reached XP level 4. HP: 21/29 MP: 4/4
  1001 | D:2      | Reached skill level 1 in Earth Magic
  1140 | D:2      | Noticed Robin
  1145 | D:2      | Reached XP level 5. HP: 29/33 MP: 5/5
  1157 | D:2      | Killed Robin
  1952 | D:3      | Learned a level 3 spell: Stone Arrow
  2074 | D:3      | Reached XP level 6. HP: 39/39 MP: 6/6
  2320 | D:3      | You fall into a shaft and drop 3 floors!
  2338 | D:6      | Noticed an orc warrior
  2344 | D:6      | Killed an orc warrior
  2359 | D:6      | Reached skill level 1 in Spellcasting
  2359 | D:6      | Reached XP level 7. HP: 26/44 MP: 8/8
  2449 | D:6      | Reached skill level 5 in Armour
  2634 | D:6      | Reached skill level 5 in Fighting
  2711 | D:5      | Entered Level 5 of the Dungeon
  2829 | D:5      | Found a sand-covered staircase.
  2873 | Ossuary  | Entered an ossuary
  2936 | Ossuary  | Reached XP level 8. HP: 44/51 MP: 10/10
  2946 | Ossuary  | Reached skill level 5 in Axes
  3209 | Ossuary  | Identified 2 scrolls of acquirement
  3209 | Ossuary  | Acquired a manual of Fighting
  3394 | D:4      | Found Pedol's Antique Armour Boutique.
  3410 | D:4      | Reached XP level 9. HP: 48/57 MP: 13/13
  3773 | D:4      | Found Wuxahus's Armour Boutique.
  3774 | D:4      | Found Salih's Jewellery Boutique.
  3784 | D:4      | Bought a +2 pair of gloves for 214 gold pieces
  3910 | D:4      | Found Hishehia's Antique Weapon Shop.
  3918 | D:4      | Found a white marble altar of Elyvilon.
  4273 | D:4      | Found Horulat's Distillery.
  4399 | D:5      | Found a broken altar of Ashenzari.
  4820 | D:6      | Reached skill level 5 in Earth Magic
  5750 | D:7      | Noticed Maggie
  5765 | D:7      | Killed Maggie
  5766 | D:7      | Reached XP level 10. HP: 52/68 MP: 15/15
  6158 | D:7      | Found a staircase to the Ecumenical Temple.
  6198 | Temple   | Entered the Ecumenical Temple
  6212 | Temple   | Became a worshipper of Warmaster Okawaru
  6263 | D:7      | Reached skill level 10 in Fighting
  6683 | D:8      | Reached skill level 1 in Invocations
  6796 | D:8      | Found Huosoc's Weapon Shoppe.
  7373 | D:8      | Reached * piety under Okawaru
  8509 | D:9      | Found a staircase to the Lair.
  8518 | D:9      | Found a staircase to the Orcish Mines.
  8525 | D:9      | Noticed Pikel
  8538 | D:9      | Killed Pikel
  8591 | D:9      | Found a transporter.
  8852 | D:9      | Reached ** piety under Okawaru
  8853 | D:9      | Reached XP level 11. HP: 58/76 MP: 17/17
  9056 | D:9      | Found a transporter.
  9060 | D:9      | Found a viscous altar of Jiyva.
  9279 | D:9      | Identified the ring of Zekhleor {rElec rC++ rCorr Dex+4
                  | SInv}
  9376 | D:9      | Found a burning altar of Makhleb.
  9376 | D:9      | Found a shadowy altar of Dithmenos.
  9392 | D:9      | Identified the +0 scale mail of the End {*Slow Dex+2 Slay+3
                  | SInv Stlth+}
  9432 | D:10     | Entered Level 10 of the Dungeon
  9550 | D:10     | Reached skill level 5 in Invocations
  9553 | D:10     | Reached skill level 10 in Armour
  9582 | D:10     | Reached *** piety under Okawaru
  9584 | D:10     | Noticed a manticore
  9589 | D:10     | Killed a manticore
  9633 | D:10     | Found a flagged portal.
  9672 | Bailey   | Entered a bailey
  9912 | Bailey   | Noticed an orc knight
  9921 | Bailey   | Killed an orc knight
 10126 | D:10     | Identified the +3 great sword of Bright Innocence {flame,
                  | rN+ rCorr Dex+2}
 10503 | D:10     | Noticed a boulder beetle
 10537 | D:10     | Killed a boulder beetle
 10572 | D:10     | Noticed a two-headed ogre
 10709 | D:10     | Killed a two-headed ogre
 10901 | D:10     | Reached **** piety under Okawaru
 10903 | D:10     | Noticed a cyclops
 10925 | D:10     | Killed a cyclops
 11146 | D:10     | Identified the +1 battleaxe "Wedwajask" {pain, Int+3}
 11153 | D:10     | Paralysed by a tengu conjurer for 4 turns
 11163 | D:10     | Reached XP level 12. HP: 51/84 MP: 18/18
 11174 | D:10     | Noticed a seven-headed hydra
 11296 | D:10     | Killed a seven-headed hydra
 11319 | D:10     | Noticed a two-headed ogre
 11330 | D:10     | Killed a two-headed ogre
 11404 | D:10     | Identified the staff "Vavvu" {rF+ Str+7 Stlth- Fire}
 11490 | D:10     | Reached ***** piety under Okawaru
 11802 | Lair:1   | Entered Level 1 of the Lair of Beasts
 11890 | Lair:1   | Received a gift from Okawaru
 12019 | Lair:1   | Reached skill level 10 in Axes
 12286 | Lair:1   | Reached skill level 15 in Fighting
 13027 | Lair:2   | Noticed Urug
 13042 | Lair:2   | Killed Urug
 13294 | Lair:2   | Received a gift from Okawaru
 13391 | Lair:2   | You fall into a shaft and drop 2 floors!
 13393 | Lair:4   | Noticed a skyshark
 13412 | Lair:4   | Killed a skyshark
 13413 | Lair:4   | Reached XP level 13. HP: 63/92 MP: 19/19
 15231 | Lair:3   | Reached ****** piety under Okawaru
 15279 | Lair:3   | Found a hole to the Spider Nest.
 15286 | Lair:3   | Received a gift from Okawaru
 15488 | Lair:3   | Found a staircase to the Shoals.
 15595 | Lair:3   | Reached skill level 10 in Invocations
 16437 | Lair:4   | Found a staircase to the Slime Pits.
 16438 | Lair:4   | Found a viscous altar of Jiyva.
 16722 | Lair:4   | Received a gift from Okawaru
 17427 | Lair:5   | Entered Level 5 of the Lair of Beasts
 17592 | Lair:5   | Gained mutation: Your large and strong wings let you fly.
                  | [Gargoyle growth]
 17592 | Lair:5   | Reached XP level 14. HP: 82/100 MP: 21/21
 18035 | Lair:5   | Received a gift from Okawaru
 18380 | Lair:4   | Acquired the +1 cloak of the Enchanted Forest {rF+ Regen+}
 18387 | Lair:4   | Acquired the +6 gold dragon scales "Hexah" {^Contam rPois
                  | rF+ rC+ rCorr Slay+4}
 18387 | Lair:4   | Received a gift from Okawaru
 18399 | Lair:4   | Acquired the +8 Wrath of Trog {antimagic, *Rage Rampage}
 18399 | Lair:4   | Received a gift from Okawaru
 18399 | Lair:4   | Found the +8 Wrath of Trog {antimagic, *Rage Rampage}
 18611 | Lair:5   | Identified the ring "Qis Usaf" {rN++ SInv}
 18752 | Lair:5   | Found a basalt altar of Yredelemnul.
 18897 | Lair:5   | Received a gift from Okawaru
 19097 | Lair:5   | Noticed a quicksilver ooze
 19109 | Lair:5   | Killed a quicksilver ooze
 19657 | D:11     | Found Vasad's Armour Shop.
 20131 | D:12     | Found an opulent altar of Gozag.
 21015 | D:13     | Found a stormy altar of Qazlal.
 21182 | D:13     | Received a gift from Okawaru
 21675 | D:14     | Found a sacrificial altar of Ru.
 21746 | D:14     | Found a transporter.
 21754 | D:14     | Noticed Idofevveolu's ghost (journeyman HuCj)
 21920 | D:14     | Received a gift from Okawaru
 21935 | D:14     | Noticed an ironbound thunderhulk
 21937 | D:14     | Reached XP level 15. HP: 94/107 MP: 6/24
 21985 | D:14     | Found a gate to the Vaults.
 22121 | D:14     | Found a transporter.
 22688 | D:15     | Entered Level 15 of the Dungeon
 22702 | D:15     | Received a gift from Okawaru
 23078 | D:15     | Reached skill level 15 in Armour
 23085 | D:15     | Received a gift from Okawaru
 23145 | D:15     | Found a runed translucent gate.
 23145 | D:15     | Found a runed translucent gate.
 23145 | D:15     | Found a runed translucent gate.
 23193 | D:15     | Found a staircase to the Depths.
 23193 | D:15     | Noticed a frost giant
 23204 | D:15     | Killed a frost giant
 23587 | Orc:1    | Entered Level 1 of the Orcish Mines
 23641 | Orc:1    | Noticed an orc warlord
 23653 | Orc:1    | Received a gift from Okawaru
 23659 | Orc:1    | Killed an orc warlord
 23913 | Orc:1    | Found Zuybbait's Book Shoppe.
 24182 | Orc:2    | Entered Level 2 of the Orcish Mines
 24200 | Orc:2    | Found a roughly hewn altar of Beogh.
 24341 | Orc:2    | Found a roughly hewn altar of Beogh.
 24392 | Orc:2    | Noticed an orc warlord
 24401 | Orc:2    | Received a gift from Okawaru
 24407 | Orc:2    | Killed an orc warlord
 24408 | Orc:2    | Reached XP level 16. HP: 114/114 MP: 1/27
 24573 | Orc:2    | Found a roughly hewn altar of Beogh.
 24574 | Orc:2    | Found Puheotta's Distillery.
 24589 | Orc:2    | Bought a potion of heal wounds for 65 gold pieces
 24589 | Orc:2    | Bought a potion of heal wounds for 65 gold pieces
 24589 | Orc:2    | Bought a potion of heal wounds for 65 gold pieces
 24589 | Orc:2    | Bought a potion of curing for 39 gold pieces
 24614 | Orc:2    | Found a roughly hewn altar of Beogh.
 24665 | Orc:2    | Found a roughly hewn altar of Beogh.
 24671 | Orc:2    | Found Peunora's Antique Weapon Boutique.
 24836 | Orc:2    | Found Soinimmu's Antique Armour Shoppe.
 24836 | Orc:2    | Found a roughly hewn altar of Beogh.
 24841 | Orc:2    | Found Qapounn's Antique Weapon Emporium.
 24967 | Orc:2    | Reached skill level 15 in Invocations
 25035 | Orc:2    | Found a staircase to the Elven Halls.
 25173 | Orc:2    | Bought a pair of glowing gloves for 210 gold pieces
 25239 | Orc:2    | Found a roughly hewn altar of Beogh.
 25369 | Shoals:1 | Entered Level 1 of the Shoals
 25576 | Shoals:1 | Found a large runed translucent door.
 25576 | Shoals:1 | Found a large runed translucent door.
 25582 | Shoals:1 | Received a gift from Okawaru
 25586 | Shoals:1 | Noticed Ycup's ghost (journeyman MiBe)
 25691 | Shoals:2 | Found Oregriol's Weapon Boutique.
 25744 | Shoals:2 | Noticed a kraken
 25744 | Shoals:2 | Noticed a kraken
 25754 | Shoals:2 | Killed a kraken
 25813 | Shoals:2 | Killed a kraken
 25833 | Shoals:3 | Noticed Ilsuiw
 25921 | Shoals:3 | Killed Ilsuiw
 25932 | Shoals:3 | Received a gift from Okawaru
 26009 | Shoals:3 | Noticed a kraken
 26021 | Shoals:3 | Killed a kraken
 26039 | Shoals:3 | Found a glacial archway.
 26039 | Shoals:3 | Noticed an azure jelly
 26046 | Shoals:3 | Killed an azure jelly
 26060 | IceCv    | Entered an ice cave
 26123 | IceCv    | Received a gift from Okawaru
 26212 | IceCv    | Got the Omnibus of Algor
 26256 | IceCv    | Received a gift from Okawaru
 26428 | Shoals:4 | Entered Level 4 of the Shoals
 26493 | Shoals:4 | Reached XP level 17. HP: 120/120 MP: 9/29
 26600 | Shoals:4 | Received a gift from Okawaru
 26622 | Shoals:4 | Got an azure gem with 779 turns to spare
 26624 | Shoals:4 | Got a barnacled rune of Zot
 27324 | Shoals:2 | Noticed a kraken
 27332 | Shoals:2 | Killed a kraken
 27344 | Shoals:2 | Noticed a kraken
 27378 | Shoals:2 | Killed a kraken
 27696 | Shoals:2 | Received a gift from Okawaru
 28020 | Lair:3   | Acquired 695 gold pieces
 28093 | Spider:1 | Entered Level 1 of the Spider Nest
 28181 | Spider:1 | Received a gift from Okawaru
 28480 | Spider:1 | Identified the +0 long sword of the Orange Skies {pain,
                  | *Noise Str+2 Dex+3}
 28722 | Spider:2 | Reached XP level 18. HP: 120/128 MP: 10/31
 28743 | Spider:2 | Received a gift from Okawaru
 29227 | Spider:2 | You are sucked into a shaft and drop 1 floor!
 29674 | Spider:4 | Entered Level 4 of the Spider Nest
 29679 | Spider:4 | Received a gift from Okawaru
 29681 | Spider:4 | Noticed Arachne
 29685 | Spider:4 | Identified the granite talisman of Inquiry {rCorr Dex+3
                  | Slay-5 Stlth+}
 29685 | Spider:4 | Noticed Roxanne
 29699 | Spider:4 | Killed Arachne
 29964 | Spider:4 | Killed Roxanne
 29964 | Spider:4 | Received a gift from Okawaru
 30138 | Spider:4 | Reached skill level 15 in Axes
 30256 | Spider:4 | Got a milky-white gem with 76 turns to spare
 30261 | Spider:4 | Got a gossamer rune of Zot
 30370 | Spider:4 | Received a gift from Okawaru
 31169 | Temple   | Fell from the grace of Okawaru
 31169 | Temple   | Became a worshipper of Zin the Law-Giver
 31169 | Temple   | Reached * piety under Zin
 31169 | Temple   | Reached ** piety under Zin
 31169 | Temple   | Reached *** piety under Zin
 31266 | Elf:1    | Entered Level 1 of the Elven Halls
 31284 | Elf:1    | Found a radiant altar of Vehumet.
 31854 | Elf:1    | Reached XP level 19. HP: 135/135 MP: 10/32
 31983 | Elf:1    | Reached **** piety under Zin
 32320 | Elf:2    | Paralysed by an air elemental for 1 turns
 32424 | Elf:2    | Found a runed translucent gate.
 32424 | Elf:2    | Found a runed translucent gate.
 32424 | Elf:2    | Found a runed translucent gate.
 32821 | Elf:2    | Found Ucinaxos's Book Shop.
 32822 | Elf:2    | Found Laguf's Armour Shop.
 32822 | Elf:2    | Found Itemmoits's Weapon Boutique.
 32828 | Elf:2    | Found Seijekh's Weapon Boutique.
 32904 | Abyss:2  | Cast into level 2 of the Abyss (+0 war axe of distortion)
 32928 | Abyss:2  | Found a corrupted altar of Lugonu.
 33066 | Abyss:2  | Reached ***** piety under Zin
 33342 | Abyss:2  | Noticed a bone dragon
 33354 | Elf:2    | Escaped the Abyss
 33597 | Elf:2    | Mangled by a +1 heavy battleaxe

Illustrated notes

Levels and vault maps discovered:
D:1:      wander_arrival_estate, layout_rooms
D:2:      layout_basic, dreamdust_ecumenical_altar_hidden_monk_grotto,
          uniq_robin
D:3:      layout_loops_ring
D:4:      layout_basic, nicolae_elyvilon_peaceful_grove, serial_shops,
          nicolae_lakefront_shop, shop, shop, nicolae_shop_gibbet_a_chance, shop
D:5:      layout_rooms, mainiacjoe_overflow_24_doors,
          nicolae_ossuary_entry_ruins, serial_park_tiny_pond
D:6:      layout_basic
D:7:      layout_cave_pods, minmay_temple_entry_poolview, kennysheep_path_1,
          uniq_maggie
D:8:      layout_cave_pods, serial_column_ruins, column_ruins_hut_pillars,
          column_ruins_square_small, column_ruins_open_small,
          column_ruins_grid_1, column_ruins_open_small,
          column_ruins_columns_straight, serial_shops, shop_fountains
D:9:      gammafunk_jiyva_shrine, layout_basic, nicolae_overflow_two_pavilions,
          erik_lair_island, chequers_mini_garden,
          chequers_serial_rivers_micro_d, uniq_pikel
D:10:     minmay_the_grid_octo_tiled_squarecenter [minmay_the_grid_octo_empty,
          minmay_the_grid_octo_77, minmay_the_grid_octo_vomiting_pacman,
          minmay_the_grid_octo_fat_diamond,
          minmay_the_grid_square_5x5_megaprize_checkered,
          minmay_the_grid_square_5x5_trominoes,
          minmay_the_grid_square_5x5_forky,
          minmay_the_grid_square_5x5_tri_point,
          minmay_the_grid_square_5x5_six_small], layout_rooms, enter_bailey_5
D:11:     layout_gridville, serial_shops, shop
D:12:     layout_irregular_city, nicolae_gozag_seed_capital
D:13:     minmay_inside_and_out, layout_small_grid, grunt_qazlal_clouds
D:14:     layout_roguey, hellmonk_vaults_keyhole, nzn_ghost_randoct,
          nicolae_ru_awakened_eye
D:15:     grunt_enter_depths_snipers, layout_small_grid,
          ploomutoo_gammafunk_ghost_potion_laboratory,
          chequers_serial_rivers_micro_c, fungi_pond_lemuel,
          minmay_misc_feat_room
Temple:   nicolae_temple_two_arcs
Lair:1:   layout_regular_city, fungi_pond_lemuel, nicolae_quartered_pool_little,
          serial_bayou_shore_a
Lair:2:   layout_cave_pods, chequers_serial_rivers_room_a, grunt_megastairs_2,
          uniq_urug
Lair:3:   layout_regular_city, minmay_shoals_entry_hut, spider_nest_entry_rubble
Lair:4:   layout_cave_pods, nicolae_slime_entry_slimehenge, st_stairs_9,
          beast_lair_carwin_3
Lair:5:   minmay_lair_end_enchanted_forest, layout_big_grid, basic_altar,
          nicolae_lair_time_for_slime, infiniplex_staircase_pool_2
Shoals:1: layout_shoals, ebering_ghost_disaster_area,
          wheals_shoals_ruined_temple
Shoals:2: cheibrodos_shoals_oceanic_diplomacy, layout_shoals, serial_shops,
          nicolae_shop_advertising_works [nicolae_subvault_shop_adworks],
          nicolae_shoals_kraken_party
Shoals:3: layout_shoals, portal_ice_cave_entry_frozen_things,
          nicolae_shoals_wave_tunnel, nicolae_shoals_former_cling_halls,
          uniq_ilsuiw
Shoals:4: shoals_end_grunt_ice, layout_shoals
Spider:1: layout_spider_delve, nicolae_spider_undead_wolf_pack
Spider:2: layout_spider_delve
Spider:3: layout_spider_delve, uniq_donald, uniq_mlioglotl
Spider:4: grunt_spider_rune_parallel, uniq_roxanne, uniq_arachne
Orc:1:    nicolae_orc_accident_3, layout_caves, serial_shops,
          nicolae_book_shop_shelving, elf_legates
Orc:2:    grunt_orc_community_town_hall, layout_caves,
          grunt_orc_community_big_house_2, grunt_orc_community_big_house_1,
          grunt_orc_community_house_3, grunt_orc_community_house_2,
          grunt_orc_community_house_3, grunt_orc_community_house_1,
          grunt_orc_community_house_3, grunt_orc_community_house_1
Elf:1:    eino_elf_arrival_altar, layout_loops_ring, evilmike_minifort,
          grunt_megastairs_4
Elf:2:    elven_hall_of_blades_hangedman_original
          [nicolae_blade_entry_hurt_lockers], layout_geoelf_diagonals,
          guppyfry_library_mini, minmay_shoptagon

Skill      XL: |  1  2  3  4  5  6  7  8  9 10 11 12 13 14 15 16 17 18 19 |
---------------+----------------------------------------------------------+-----
Axes           | 2 3 4 5 7 8 9 10 11 12 13 14 15 16 | 16.0
Fighting       | 4 5 7 9 11 13 15 16 17 18 19 20 | 20.6
Armour         | 4 5 6 8 9 10 12 13 14 15 16 17 18 | 18.7
Earth Magic    | 1 2 3 4 5 |  5.7
Spellcasting   | 1 2 3 4 |  4.0
Invocations    | 4 6 8 10 12 14 16 18 19 20 | 20.9
Shields        | |  3.2

Action                     |  1- 3 |  4- 6 |  7- 9 | 10-12 | 13-15 | 16-18 | 19-21 || total
---------------------------+-------+-------+-------+-------+-------+-------+-------++-------
  Melee: War axe           |    95 |   151 |   491 |       |       |       |       ||   737
         Battleaxe         |       |       |    13 |   602 |   985 |  1135 |   440 ||  3175
         Morningstar       |       |       |       |     6 |    25 |       |       ||    31
  Throw: Javelin           |       |       |       |       |       |     3 |       ||     3
 Invoke: Heroism           |       |       |       |    10 |     8 |    10 |       ||    28
         Receive Weapon    |       |       |       |       |     1 |       |       ||     1
         Receive Armour    |       |       |       |       |     1 |       |       ||     1
         Finesse           |       |       |       |       |     1 |     3 |       ||     4
         Recite            |       |       |       |       |       |     3 |    13 ||    16
         Vitalisation      |       |       |       |       |       |       |     3 ||     3
  Evoke: Wand              |       |       |       |    13 |       |       |       ||    13
    Use: Potion            |     1 |     1 |     2 |     2 |     2 |     4 |       ||    12
         Scroll            |       |     6 |     6 |     6 |    13 |     9 |       ||    40
   Stab: Distracted        |       |       |       |       |     1 |       |       ||     1
         Confused          |       |       |       |       |       |     1 |    13 ||    14
 Armour: Scale mail        |    80 |   128 |   310 |   272 |       |       |       ||   790
         Chain mail        |       |       |       |   116 |       |       |       ||   116
         Steam dragon scal |       |       |       |   263 |   435 |       |       ||   698
         Gold dragon scale |       |       |       |       |   746 |  1862 |   604 ||  3212
  Dodge: Dodged            |    32 |    84 |   371 |   675 |   712 |   854 |   234 ||  2962
  Block: Buckler           |    18 |    34 |   105 |       |       |       |       ||   157

Table legend: (Time is in decaauts)
 A = Elapsed time spent in this place.
 B = Non-inter-level travel time spent in this place.
 C = Inter-level travel time spent in this place.
 D = Time resting spent in this place.
 E = Time spent auto-exploring this place.
 F = Levels seen in this place.
 G = Mean time per level.
                   A        B        C        D        E       F      G
               +--------+--------+--------+--------+--------+-----+--------+
         Total |  35138 |  32574 |   2564 |   4830 |  16674 |  37 |  949.7 |
       Dungeon |  15780 |  14599 |   1181 |   2456 |   8306 |  15 | 1052.0 |
        Temple |     44 |     27 |     17 |      0 |      0 |   1 |   44.0 |
          Lair |   8136 |   7471 |    665 |   1706 |   3968 |   5 | 1627.2 |
        Shoals |   2512 |   2422 |     90 |    170 |    676 |   4 |  628.0 |
   Spider Nest |   3096 |   2740 |    356 |    160 |   1399 |   4 |  774.0 |
  Orcish Mines |   1830 |   1611 |    219 |     77 |    887 |   2 |  915.0 |
   Elven Halls |   2032 |   1999 |     33 |    140 |   1008 |   2 | 1016.0 |
         Abyss |    477 |    477 |      0 |     34 |    216 |   1 |  477.0 |
       Ossuary |    477 |    477 |      0 |      0 |    155 |   1 |  477.0 |
        Bailey |    420 |    420 |      0 |     62 |      0 |   1 |  420.0 |
      Ice Cave |    330 |    330 |      0 |     22 |     58 |   1 |  330.0 |
               +--------+--------+--------+--------+--------+-----+--------+

Top non-repeatable levels by time:
  Lair:3: 1917 daAuts
  Lair:5: 1861 daAuts
  Lair:4: 1833 daAuts
     D:8: 1821 daAuts
     D:9: 1554 daAuts
    D:10: 1535 daAuts
     D:2: 1442 daAuts
  Lair:2: 1337 daAuts
   Orc:2: 1196 daAuts
     D:7: 1195 daAuts
  Lair:1: 1187 daAuts
     D:6: 1072 daAuts
   Elf:1: 1060 daAuts
    D:13: 972 daAuts
   Elf:2: 971 daAuts
